 Dungeon Crawl Stone Soup version 0.23-a0-350-g6fd5563 (webtiles) character file.

60 varaam the Vexing (level 3, 29/29 HPs)
             Began as a Centaur Arcane Marksman on Oct 10, 2018.
             Quit the game on level 2 of the Dungeon on Oct 21, 2018.
             The game lasted 00:08:58 (1874 turns).

varaam the Vexing (Centaur Arcane Marksman)         Turns: 1874, Time: 00:08:59

Health: 29/29      AC:  5    Str: 12    XL:     3   Next: 82%
Magic:  5/5        EV: 10    Int: 13    God:
Gold:   89         SH:  0    Dex:  9    Spells: 3/4 levels left

rFire    . . .     SeeInvis .   a - +0 hand crossbow
rCold    . . .     Gourm    .   (no shield)
rNeg     . . .     Faith    .   e - +0 robe
rPois    .         Spirit   .   (no helmet)
rElec    .         Reflect  .   (no cloak)
rCorr    .         Harm     .   b - +0 pair of gloves (curse)
MR       .....                  (no barding)
Stlth    +.........             (no amulet)
HPRegen  0.09/turn              (no ring)
MPRegen  0.09/turn              (no ring)

@: very quick
A: large, hooves 3, deformed body, speed 2, tough skin 3
a: no special abilities


You were on level 2 of the Dungeon.
You were not hungry.

You visited 1 branch of the dungeon, and saw 2 of its levels.

You collected 89 gold pieces.

Inventory:

Hand Weapons
 a - a +0 hand crossbow (weapon)
Missiles
 h - 9 bolts (quivered)
 Q - 38 stones
Armour
 b - a cursed +0 pair of gloves (worn)
 e - a +0 robe (worn)
Wands
 o - a wand of enslavement (23)
Scrolls
 c - 2 scrolls of remove curse {unknown}
 j - 5 scrolls of identify {unknown}
 n - a scroll of blinking {unknown}
 p - 2 scrolls of fog {unknown}
 r - a scroll of amnesia {unknown}
Potions
 d - a potion of flight {unknown}
 g - 2 potions of curing {unknown}
 i - a potion of might {unknown}
 k - a potion of mutation {unknown}
 l - a potion of berserk rage {unknown}
 m - a potion of brilliance {unknown}
 q - a potion of magic {unknown}
Comestibles
 f - 7 rations


   Skills:
 + Level 1.8 Fighting
 + Level 2.8 Crossbows
 + Level 1.8 Dodging
 + Level 1.4 Spellcasting
 + Level 3.1 Hexes


You had 3 spell levels left.
You knew the following spells:

 Your Spells              Type           Power        Failure   Level  Hunger
v - Corona                Hex            #......      8%          1    ##.....

Your spell library contained the following spells:

 Spells                   Type           Power        Failure   Level  Hunger
 Slow                     Hex            #.......     12%         2    ###....
 Inner Flame              Hex/Fire       #.......     41%         3    ####...
 Portal Projectile        Hex/Tloc       #.....       41%         3    ####...
 Cause Fear               Hex            #.........   58%         4    #####..
 Leda's Liquefaction      Hex/Erth       #.........   82%         4    #####..


Dungeon Overview and Level Annotations

Branches:
Dungeon (2/15)

Altars:


Innate Abilities, Weirdness & Mutations

You have hooves in place of feet.
Armour fits poorly on your strangely shaped body.
You cover ground very quickly.
You have extremely tough skin. (AC +3)


Message History

You shoot a bolt. The bolt hits the dart slug.
Firing (i - inventory. (/) - cycle)
h - 9 bolts (quivered)
Aim: a dart slug (heavily wounded, clinging)
You shoot a bolt. The bolt hits the dart slug.
The dart slug launches a dart at you. The slug dart hits you!
Firing (i - inventory. (/) - cycle)
h - 8 bolts (quivered)
Aim: a dart slug (severely wounded, clinging)
You shoot a bolt. The bolt hits the dart slug.
You kill the dart slug!
h - 8 bolts (gained 1)
You butcher the dart slug corpse.
m - a chunk of flesh
h - 9 bolts (gained 1) Eating a chunk of flesh.
You eat the chunk of flesh.
You open the door.
There is an open door here.
m - a yellow potion Welcome back, varaam the Centaur Arcane Marksman.
Welcome back, varaam the Centaur Arcane Marksman.

#...###..####...#
########÷..###........##
..÷....................#
########....###.######.#
# ##...# #.## #.## #
#...###..#####..# #
##..............# #
#..#######'##..#
#..#...@....#(.#
#..#........#..#
#.[......#..#
#........#..#
#........#..#
#........#..# #........#
#........#


There were no monsters in sight!

Vault maps used:
D:1:      minmay_arrival_cross
D:2:      first_ration, minivault_25

Notes
Turn   | Place    | Note
-------+----------+-------------------------------------------
     0 | D:1      | varaam the Centaur Arcane Marksman began the quest for the
                  | Orb.
     0 | D:1      | Reached XP level 1. HP: 16/16 MP: 2/2
     9 | D:1      | Identified a cursed +0 pair of gloves (You found it on
                  | level 1 of the Dungeon)
   195 | D:1      | Reached XP level 2. HP: 23/23 MP: 1/3
   863 | D:1      | Reached XP level 3. HP: 28/28 MP: 1/4
   926 | D:1      | Upgraded the game from 0.23-a0-307-gc3b755d to
                  | 0.23-a0-350-g6fd5563
   927 | D:1      | Reached skill level 3 in Hexes
   930 | D:1      | Identified a +0 club
  1026 | D:1      | Identified a +0 club
  1159 | D:2      | Identified a +0 club
  1353 | D:2      | Identified a +0 club
  1874 | D:2      | Quit the game

Table legend:
 A = Turns spent in this place as a percentage of turns spent in the entire game.
 B = Non-inter-level travel turns spent in this place as a percentage of non-inter-level travel turns spent in the entire game.
 C = Inter-level travel turns spent in this place as a percentage of turns spent in this place.
 D = Turns resting spent in this place as a percentage of non-inter-level travel turns spent in this place.
 E = Turns spent auto-exploring this place as a percentage of non-inter-level travel turns spent in this place.
 F = Non-inter-level travel turns spent in this place divided by the number of levels of this place that you've seen.
                   A       B       C       D       E      F
               +-------+-------+-------+-------+-------+----------------------
         Total | 100.0 | 100.0 |   0.0 |   0.4 |  82.8 | 937.0
       Dungeon | 100.0 | 100.0 |   0.0 |   0.4 |  82.8 | 937.0
               +-------+-------+-------+-------+-------+----------------------

Table legend:
 A = Kills in this place as a percentage of kills in entire the game.
 B = Kills by you in this place as a percentage of kills by you in the entire game.
 C = Kills by friends in this place as a percentage of kills by friends in the entire game.
 D = Other kills in this place as a percentage of other kills in the entire game.
 E = Experience gained in this place as a percentage of experience gained in the entire game.
 F = Experience gained in this place divided by the number of levels of this place that you have seen.
                   A       B       C       D       E      F
               +-------+-------+-------+-------+-------+----------------------
         Total | 100.0 | 100.0 |   N/A |   N/A | 100.0 |  43.5
       Dungeon | 100.0 | 100.0 |   N/A |   N/A | 100.0 |  43.5
               +-------+-------+-------+-------+-------+----------------------

Skill      XL: |  1  2  3 |
---------------+----------+-----
Hexes          | 3 |  3.1
Fighting       | |  1.8
Crossbows      | |  2.8
Dodging        | |  1.8
Spellcasting   | |  1.4

Action                   || total
-------------------------++-------
 Fire: Hand crossbow     ||   103
 Cast: Corona            ||    22
  Eat: Chunk             ||     3
Armor: Robe              ||    19
Dodge: Dodged            ||    22

Vanquished Creatures
  An adder (D:2)
  An ooze (D:1)
  4 dart slugs
  A leopard gecko (D:1)
  4 hobgoblins
  6 jackals
  6 bats
  5 frilled lizards
  5 goblins
  3 kobolds
  4 rats
40 creatures vanquished.
